 Dungeon Crawl Stone Soup version 0.29-a0-330-g52719c12eb (webtiles) character file.

Game seed: 9790203963541831574

384 Ajdolov the Chiller (level 6, -10/61 HPs)
             Began as a Merfolk Ice Elementalist on May 2, 2022.
             Killed from afar by an acid dragon (12 damage)
             ... with a splash of acid
             ... on level 4 of the Dungeon on May 3, 2022.
             The game lasted 00:08:39 (4163 turns).

Ajdolov the Chiller (Merfolk Ice Elementalist)      Turns: 4163, Time: 00:08:40

Health: -10/61     AC: 26    Str:  6    XL:     6   Next: 77%
Magic:  2/9        EV:  2    Int: 17    God:
Gold:   198        SH:  0    Dex: 14    Spells: 2/9 levels left

rFire   . . .      SeeInvis .   w - +0 spear
rCold   . . .      Faith    .   (no shield)
rNeg    . . .      Spirit   .   (body armour currently unavailable)
rPois   +          Reflect  .   (helmet currently unavailable)
rElec   .          Harm     .   (cloak currently unavailable)
rCorr   .          Rampage  .   (gloves currently unavailable)
Will    .....      NoTele   +   (boots currently unavailable)
Stlth   ++........              (no amulet)
HPRegen 0.20/turn               (no ring)
MPRegen 0.11/turn               (no ring)

@: brilliant, ice-armoured, tree-form, corroded, unable to read
A: stationary, stasis, torment immunity, boosted hp, (nimble swimmer 2),
(mertail), (iridescent scales 1), mutation resistance 1, weak 1, inability to
read while threatened
a: no special abilities


You were on level 4 of the Dungeon.
You were a tree.
You visited 1 branch of the dungeon, and saw 4 of its levels.

You collected 198 gold pieces.

Inventory:

Hand Weapons
 w - a +0 spear (weapon)
Armour
 a - a +0 robe (melded)
 v - a +0 pair of gloves (melded)
Scrolls
 b - a scroll of noise {unknown}
 e - a scroll of fear {unknown}
 f - 5 scrolls of identify {unknown}
 h - a scroll of fog {unknown}
 i - a scroll of immolation {unknown}
 n - 4 scrolls of teleportation {unknown}
 q - a scroll of silence {unknown}
 s - a scroll of holy word {unknown}
 t - a scroll of enchant weapon {unknown}
 u - a scroll of enchant armour {unknown}
Potions
 c - a potion of attraction {unknown}
 d - a potion of brilliance
 g - a potion of ambrosia {unknown}
 j - a potion of invisibility {unknown}
 k - a potion of degeneration {unknown}
 l - a potion of haste {unknown}
 m - 2 potions of mutation
 o - a potion of curing {unknown}
 p - 2 potions of lignification
 r - 2 potions of berserk rage {unknown}


   Skills:
 + Level 4.7 Polearms
 - Level 2.6 Dodging
 - Level 2.1 Stealth
 - Level 2.0 Spellcasting
 * Level 7.5 Ice Magic


You had 2 spell levels left.
You knew the following spells:

 Your Spells              Type           Power      Damage    Failure   Level
a - Freeze                Ice            100%       1d11      1%          1
b - Frozen Ramparts       Ice            82%        1d10      2%          3
c - Ozocubu's Armour      Ice            41%        N/A       2%          3

Your spell library contained the following spells:

 Spells                   Type           Power      Damage    Failure   Level
 Hailstorm                Conj/Ice       21%        3d6       38%         4
 Portal Projectile        Hex/Tloc       4%         N/A       50%         3
 Animate Dead             Necr           1%         N/A       88%         4
 Blade Hands              Tmut           1%         N/A       99%         5
 Excruciating Wounds      Necr           1%         N/A       99%         5
 Haunt                    Necr/Summ      1%         N/A       100%        7
 Infestation              Necr           1%         N/A       100%        8


Dungeon Overview and Level Annotations

Branches:
Dungeon (4/15)
 Temple: D:4-7

Altars:
Trog
Xom

Annotations:
D:3 2 runed translucent doors, jt's ghost, weakling VSDe


Innate Abilities, Weirdness & Mutations

You are a tree.
Your roots penetrate the ground, keeping you stationary.
You cannot be teleported.
You are immune to unholy pain and torment.
Your maximum health is greatly increased.
Your equipment is partially melded.
((You are very nimble when in or above water. (Stealth+, EV+, Speed+++)))
((Your lower body shifts to a powerful aquatic tail in water.))
((You are partially covered in iridescent scales. (AC +2)))
You are somewhat resistant to further mutation.
You are weak. (Str -2)
You sometimes lose the ability to read scrolls when taking damage.


Message History

The acid dragon claws you but does no damage.
Unknown command.
It was a potion of brilliance.
You feel clever all of a sudden.
The wall freezes the acid dragon.
The acid dragon bites you but does no damage.
The acid dragon claws you but does no damage.
It was a potion of mutation.
You feel extremely strange.
You lose the ability to read scrolls when threatened.
You feel genetically stable.
You feel weaker.
Iridescent scales grow over part of your body.
The wall freezes the acid dragon.
The acid dragon spits acid at you. The splash of acid hits you.
* * * LOW HITPOINT WARNING * * *
You barely miss the acid dragon.
The acid dragon is severely wounded.
You closely miss the acid dragon.
The acid dragon is severely wounded.
The wall freezes the acid dragon.
The acid dragon bites you but does no damage.
The acid dragon claws you but does no damage.
Unknown command.
You hit the acid dragon but do no damage.
The acid dragon is severely wounded.
The wall freezes the acid dragon.
The acid dragon bites you but does no damage.
The acid dragon claws you but does no damage.
Unknown command.
You hit the acid dragon but do no damage.
The acid dragon is almost dead.
The frozen ramparts melt away.
The acid dragon bites you but does no damage.
The acid dragon claws you but does no damage.
You closely miss the acid dragon.
The acid dragon is almost dead.
The acid dragon spits acid at you. The splash of acid hits you!
You feel threatened and lose the ability to read scrolls!
You die...

....(............##
.................##
.#....##..........##
.#............##...#
......#.#....#####.##
......#........#.#..#
.....##.............###
............####...)..#
...........###.D♣#...##
.....####...##.####.##
....## ###..#†# ###
...## ##...# ...#
#:.....#..# #..#
.........## #..#
...D....## #...
.......# ###.##.....#


You could see an acid dragon (catching breath).

Vanquished Creatures
  An ogre (D:4)
  A black bear (D:4)
  A hound (D:4)
  An orc priest (D:3)
  An iguana (D:3)
  6 adders
  4 worms
  2 dart slugs (D:1)
  4 orcs
  3 endoplasms
  A giant cockroach (D:1)
  4 goblins
  4 hobgoblins
  8 jackals (D:1)
  5 kobolds
  2 quokkas
  6 ball pythons
  2 bats
  A frilled lizard (D:2)
  5 rats
62 creatures vanquished.

Notes
Turn   | Place    | Note
-------+----------+-------------------------------------------
     0 | D:1      | Ajdolov the Merfolk Ice Elementalist began the quest for
                  | the Orb.
     0 | D:1      | Reached XP level 1. HP: 13/13 MP: 3/3
   250 | D:1      | Reached skill level 1 in Polearms
   250 | D:1      | Reached XP level 2. HP: 18/19 MP: 0/5
   719 | D:1      | Reached skill level 5 in Ice Magic
   943 | D:1      | Reached XP level 3. HP: 15/24 MP: 1/6
  1532 | D:2      | Found a faded altar of an unknown god.
  1616 | D:2      | Learned a level 3 spell: Frozen Ramparts
  1671 | D:2      | HP: 1/24 [poisoned by an adder]
  2159 | D:2      | Reached XP level 4. HP: 24/30 MP: 3/7
  2290 | D:3      | Found a runed translucent door.
  2300 | D:3      | Found a shimmering altar of Xom.
  2433 | D:3      | Learned a level 3 spell: Ozocubu's Armour
  2574 | D:3      | Found a bloodstained altar of Trog.
  2949 | D:3      | Found a runed translucent door.
  2950 | D:3      | Noticed jt's ghost (weakling VSDe)
  2966 | D:3      | Reached skill level 6 in Ice Magic
  3080 | D:3      | Reached XP level 5. HP: 31/35 MP: 1/8
  3608 | D:4      | Noticed an acid dragon
  3689 | D:4      | Noticed a black bear
  3699 | D:4      | Killed a black bear
  3700 | D:4      | Reached skill level 7 in Ice Magic
  3700 | D:4      | Reached XP level 6. HP: 41/41 MP: 1/9
  4156 | D:4      | HP: 3/61 [acid dragon (5)]
  4158 | D:4      | Gained mutation: You sometimes lose the ability to read
                  | scrolls when taking damage. [potion of mutation]
  4158 | D:4      | Gained mutation: You are somewhat resistant to further
                  | mutation. [potion of mutation]
  4158 | D:4      | Gained mutation: You are weak. (Str -2) [potion of
                  | mutation]
  4158 | D:4      | Gained mutation: You are partially covered in iridescent
                  | scales. (AC +2) [potion of mutation]
  4158 | D:4      | HP: 1/61 [acid dragon/splash of acid (2)]
  4163 | D:4      | Killed from afar by an acid dragon

Illustrated notes

Levels and vault maps discovered:
D:1:      lightli_arrival_isolated_outpost, layout_basic
D:2:      layout_loops_ring, chequers_ecumenical_altar_grove
D:3:      layout_rooms, lemuel_tele_altar, trog_antimagical,
          ebering_ghost_sewer_f, minmay_vboxes
D:4:      layout_cave_pools, kennysheep_okawaru_gauntlet, minmay_manual_moon

Skill      XL: |  1  2  3  4  5 |
---------------+----------------+-----
Polearms       | 1 2 3 4 |  4.7
Ice Magic      | 5 6 7 |  7.5
Dodging        | |  2.6
Stealth        | |  2.1
Spellcasting   | |  2.0

Action                   |  1- 3 |  4- 6 || total
-------------------------+-------+-------++-------
Melee: Unarmed           |     4 |    18 ||    22
       Spear             |       |    35 ||    35
 Cast: Freeze            |    50 |    35 ||    85
       Frozen Ramparts   |       |     8 ||     8
       Ozocubu's Armour  |       |     4 ||     4
  Use: Potion            |       |     4 ||     4
Armor: Robe              |     6 |    11 ||    17
       Skin              |       |    11 ||    11
Dodge: Dodged            |    33 |    31 ||    64

Table legend: (Time is in decaauts)
 A = Elapsed time spent in this place.
 B = Non-inter-level travel time spent in this place.
 C = Inter-level travel time spent in this place.
 D = Time resting spent in this place.
 E = Time spent auto-exploring this place.
 F = Levels seen in this place.
 G = Mean time per level.
                   A        B        C        D        E       F      G
               +--------+--------+--------+--------+--------+-----+--------+
         Total |   4114 |   4030 |     84 |    842 |   2378 |   4 | 1028.5 |
       Dungeon |   4114 |   4030 |     84 |    842 |   2378 |   4 | 1028.5 |
               +--------+--------+--------+--------+--------+-----+--------+

Top non-repeatable levels by time:
     D:1: 1458 daAuts
     D:3: 1239 daAuts
     D:2: 783 daAuts
     D:4: 633 daAuts
